 Dungeon Crawl Stone Soup version 0.26.1-11-gd32895ea62 (webtiles) character file.

Game seed: 1546645782369600352

156 Gwenloh the Cutter (level 5, -2/38 HPs)
             Began as a Human Gladiator on May 22, 2021.
             Blown up by an orc (25 damage)
             ... with a disintegration bolt
             ... on level 3 of the Dungeon.
             The game lasted 00:07:38 (2840 turns).

Gwenloh the Cutter (Human Gladiator)                Turns: 2840, Time: 00:07:39

Health: -2/38      AC:  7    Str: 14    XL:     5   Next: 65%
Magic:  5/5        EV: 12    Int:  8    God:
Gold:   157        SH:  0    Dex: 16    Spells: 4/4 levels left

rFire    . . .     SeeInvis .   a - +1 long sword
rCold    . . .     Faith    .   (no shield)
rNeg     . . .     Spirit   .   h - +0 ring mail
rPois    .         Reflect  .   c - +0 helmet
rElec    .         Harm     .   (no cloak)
rCorr    .         Rampage  .   q - +0 pair of gloves
Will     .....                  (no boots)
Stlth    +.........             f - amulet of magic regeneration
HPRegen  0.12/turn              (no ring)
MPRegen  0.34/turn              (no ring)

@: no status effects
A: no striking features
a: no special abilities


You were on level 3 of the Dungeon.
You visited 1 branch of the dungeon, and saw 3 of its levels.

You collected 157 gold pieces.

Inventory:

Hand Weapons
 a - a +1 long sword (weapon)
 b - a +0 hunting sling
Missiles
 d - 3 throwing nets (quivered)
 j - 137 stones
 o - 6 atropa-tipped darts
Armour
 c - a +0 helmet (worn)
 h - a +0 ring mail (worn)
 q - a +0 pair of gloves (worn)
Jewellery
 f - an amulet of magic regeneration (around neck)
Scrolls
 g - 2 scrolls of teleportation
 k - a scroll of magic mapping
 n - 3 scrolls of fog
 p - a scroll of remove curse
 s - 2 scrolls of identify {unknown}
Potions
 e - a potion of heal wounds {unknown}
 i - a potion of lignification {unknown}
 l - 6 potions of curing {unknown}
 m - 2 potions of attraction {unknown}
 r - 2 potions of degeneration {unknown}
 t - a potion of mutation {unknown}
 u - a potion of might {unknown}


   Skills:
 - Level 2.0 Fighting
 * Level 4.1(4.6) Short Blades
 - Level 3.0(4.0) Long Blades
 - Level 2.0 Throwing
 + Level 2.3 Armour
 - Level 3.0 Dodging


You had 4 spell levels left.
You didn't know any spells.
Your spell library was empty.

Dungeon Overview and Level Annotations

Branches:
Dungeon (3/15)

Altars:
Cheibriados
Trog


Message History

The orc is heavily wounded.
An orc priest comes into view. It is wielding a +0 whip.
The orc hits you but does no damage.
The orc priest shouts!
You hit the orc.
The orc is severely wounded.
The orc zaps a wand.
You barely resist.
An orc comes into view. It is wielding a +0 club.
The orc shouts!
You hit the orc but do no damage.
The orc is severely wounded.
The orc priest looks encouraged for a moment.
The orc zaps a wand.
You are blasted!
The orc priest miscasts a cantrip.
You hit the orc but do no damage.
The orc is severely wounded.
The orc hits you but does no damage.
The orc zaps a wand.
You are blasted!
Ouch! That really hurt!
You die...

#........#
#........#
#........# .#
#........# .#
#........# ..
#........# .#
#........# ##.#
#.....)..## #..#
######@...#
#..## ##
###oo#####...#
#.
#..o.....#.+##+.
####.#.### .....
##.#..# #...
#.....######..
###
#......)....o.
#.#
#.....######..
#.###........#
#..


You could see an orc priest and 2 orcs.

Vanquished Creatures
  An orc priest (D:3)
  3 adders
  2 oozes
  3 worms
  4 dart slugs
  3 leopard geckos
  4 orcs (D:3)
  2 ball pythons
  6 bats
  2 giant cockroaches
  7 hobgoblins
  2 jackals (D:1)
  2 quokkas (D:2)
  7 frilled lizards
  7 goblins
  6 kobolds
  9 rats
70 creatures vanquished.

Notes
Turn   | Place    | Note
-------+----------+-------------------------------------------
     0 | D:1      | Gwenloh the Human Gladiator began the quest for the Orb.
     0 | D:1      | Reached XP level 1. HP: 16/16 MP: 1/1
    42 | D:1      | Reached skill level 1 in Short Blades
    47 | D:1      | Reached XP level 2. HP: 15/22 MP: 2/2
   438 | D:1      | Reached skill level 2 in Short Blades
   511 | D:1      | Reached XP level 3. HP: 27/27 MP: 3/3
   920 | D:1      | Reached skill level 1 in Armour
  1217 | D:2      | Found a faded altar of an unknown god.
  1233 | D:2      | Reached XP level 4. HP: 33/33 MP: 4/4
  1245 | D:2      | Reached skill level 3 in Short Blades
  1410 | D:2      | Found a bloodstained altar of Trog.
  1676 | D:2      | Found a snail-covered altar of Cheibriados.
  2119 | D:3      | Reached XP level 5. HP: 38/38 MP: 5/5
  2363 | D:3      | Reached skill level 4 in Short Blades
  2840 | D:3      | Blown up by an orc

Illustrated notes

Levels and vault maps discovered:
D:1:      doesnt_arrival_eight_statues, layout_loops_ring,
          hangedman_abyss_or_decor_lesser_grid, st_stairs_3
D:2:      layout_basic, bloody_trog, kennysheep_slug_shrine,
          chequers_ecumenical_altar_twisty
D:3:      layout_rooms, gup_sewer_entry_bowl, fedhas_altar_4

Skill      XL: |  1  2  3  4  5 |
---------------+----------------+-----
Short Blades   | 1 2 3 4 |  4.1
Armour         | 1 2 |  2.3
Fighting       | |  2.0
Long Blades    | |  3.0
Throwing       | |  2.0
Dodging        | |  3.0

Action                   |  1- 3 |  4- 6 || total
-------------------------+-------+-------++-------
Melee: Long sword        |    97 |    89 ||   186
 Fire: Hunting sling     |       |     2 ||     2
Throw: Stone             |    28 |     9 ||    37
  Use: Scroll            |       |     7 ||     7
Armor: Leather armour    |     5 |       ||     5
       Ring mail         |    27 |    33 ||    60
Dodge: Dodged            |    67 |    54 ||   121
       Rpst.: Long sword |    24 |    17 ||    41
